When youre noob blober mate is blind...

Match 20556959
End
Pioneer Squad
Selects Mechanized Battlegroup
Selects Mechanized Battlegroup
Selects Mechanized Battlegroup
Construct Infanterie Kompanie
Grenadier Squad
MG 42 Machine Gun Team
Sniper
Construct Panzergrenadier Kompanie
251 Medium Carrier
Selects Raid Package
Pak 40 Anti-tank Gun Team
Panzergrenadier Squad
Selects 8 Rad Armored Car
Panzergrenadier Squad
Medical Station
8 Rad Armored Car
Selects Spotting Scopes
Selects UNKNOWN (2160084)
Construct Panzer Kompanie
Selects Stoßtruppen Assault Package
Selects Zeroing Artillery Barrage
Panther Heavy Tank
Panzer IV Medium Tank
Pioneer Squad
Pak 40 Anti-tank Gun Team
Pioneer Squad
AI Takeover
Enigmas
Goliath
Quejour
Rattlepiece
[KMLT]Merlin
Svenious Jakobus (GB)
0
0

Comments sign in to comment!

No comments posted yet!